 Dungeon Crawl Stone Soup version 0.29.0-4-gdea44cf6ec (webtiles) character file.

Game seed: 9579123933409721763

7 qw the Firebug (level 2, -2/23 HPs)
             Began as a Ghoul Fire Elementalist on Aug 29, 2022.
             Slain by a gnoll
             ... wielding a +0 flail
              (14 damage)
             ... on level 1 of the Dungeon.
             The game lasted 00:00:28 (606 turns).

qw the Firebug (Ghoul Fire Elementalist)             Turns: 606, Time: 00:00:28

Health: -2/23      AC:  2    Str: 11    XL:     2   Next: 4%
Magic:  3/3        EV: 12    Int: 10    God:
Gold:   22         SH:  0    Dex:  9    Spells: 3/4 levels left

rFire   . . .      SeeInvis .     - Unarmed
rCold   + . .      Faith    .   (no shield)
rNeg    + + +      Spirit   .   a - +0 robe
rPois   inf        Reflect  .   (no helmet)
rElec   .          Harm     .   (no cloak)
rCorr   .          Rampage  .   (no gloves)
Will    .....                   (no boots)
Stlth   ++........              (no amulet)
HPRegen 0.00/turn               (no ring)
MPRegen 0.08/turn               (no ring)

@: inhibited regen
A: claws 1, cold resistance 1, negative energy resistance 3, inhibited
regeneration, torment resistance 2, devour on kill
a: no special abilities


You were on level 1 of the Dungeon.
You visited 1 branch of the dungeon, and saw 1 of its levels.

You collected 22 gold pieces.


Innate Abilities, Weirdness & Mutations

You are immune to poison.
You have sharp fingernails.
Your flesh is cold resistant. (rC+)
You are immune to negative energy. (rN+++)
You do not regenerate when monsters are visible.
You are immune to unholy pain and torment.
You thrive by killing the living.


   Skills:
 - Level 1.0 Fighting
 - Level 1.7 Dodging
 - Level 2.1 Stealth
 + Level 1.2 Unarmed Combat
 - Level 1.7 Spellcasting
 - Level 0.7 Conjurations
 - Level 2.4 Fire Magic


You had 3 spell levels left.
You knew the following spells:

 Your Spells              Type           Power      Damage    Failure   Level
a - Foxfire               Conj/Fire      16%        2x1d4     17%         1

Your spell library contained the following spells:

 Spells                   Type           Power      Damage    Failure   Level
 Scorch                   Fire           10%        2d5       19%         2
 Conjure Flame            Conj/Fire      4%         6-21      45%         3
 Inner Flame              Hex/Fire       3%         N/A       52%         3
 Flame Wave               Conj/Fire      4%         2d5       86%         4

Inventory:

Armour
 a - a +0 robe (worn)
Scrolls
 c - a scroll of silence {unknown}
 d - a scroll of identify {unknown}
Potions
 b - a potion of magic
 e - a potion of lignification {unknown}

Dungeon Overview and Level Annotations

Branches:
Dungeon (1/15)

Altars:


Message History

You scratch the giant cockroach.
The giant cockroach is moderately wounded.
The giant cockroach bites you but does no damage.
You scratch the giant cockroach but do no damage.
The giant cockroach is moderately wounded.
The giant cockroach closely misses you.
You barely miss the giant cockroach. The giant cockroach misses you.
You completely miss the giant cockroach.
The giant cockroach closely misses you. The giant cockroach misses you.
You scratch the giant cockroach.
You kill the giant cockroach!
Your Fighting skill increases to level 1!
You have reached level 2!
A gnoll comes into view. It is wielding a +0 flail.
The gnoll shouts!
You hear a bark!
Enter note:
Enter note: A jackal comes into view.
599 ||| Stepping ~*~*~tactically~*~*~ (stealth).
The jackal barks!
You hear an angry hiss.
A jackal comes into view.
You hear a shout!
601 ||| Stepping ~*~*~tactically~*~*~ (stealth).
You barely miss the gnoll. The gnoll misses you.
You barely miss the gnoll. The gnoll closely misses you.
You scratch the gnoll.
The gnoll is moderately wounded.
The gnoll hits you with a +0 flail.
You scratch the gnoll.
The gnoll is heavily wounded.
A kobold comes into view. It is wielding a +0 club.
The gnoll hits you with a +0 flail!
You scratch the gnoll but do no damage.
The gnoll is heavily wounded.
The gnoll hits you with a +0 flail!
Ouch! That really hurt!
You die...

..K h.# ... h.# .h
..# #.## ..### #...
.... #..# ..#
#..##[.## ########
#..@g$..# .......#
##.##.......
.#####.# #.# .......
.#
#.########.##.#.....
.#
#............#.####.
.# ####........###
.# #.#####...# .#
#.# ####.# .# #.#
...


You could see a gnoll, a jackal (wandering) and a kobold.

Vanquished Creatures
  A giant cockroach (D:1)
  A goblin (D:1)
  A kobold (D:1)
  3 bats (D:1)
  2 frilled lizards (D:1)
8 creatures vanquished.

Notes
Turn   | Place    | Note
-------+----------+-------------------------------------------
     0 | D:1      | qw the Ghoul Fire Elementalist began the quest for the Orb.
     0 | D:1      | Reached XP level 1. HP: 14/14 MP: 2/2
     0 | D:1      | 0 ||| qw: Version: 0.1-a-90-g952f4b7
     0 | D:1      | 0 ||| qw: Game counter: 3802
     0 | D:1      | 0 ||| qw: Always use a shield: true
     0 | D:1      | 0 ||| qw: God list: Okawaru
     0 | D:1      | 0 ||| qw: Allow faded altars: false
     0 | D:1      | 0 ||| qw: Do Orc after D:15 true
     0 | D:1      | 0 ||| qw: Do second Lair branch before Depths: true
     0 | D:1      | 0 ||| qw: Lair rune preference: random
     0 | D:1      | 0 ||| qw: Plans: Normal
     0 | D:1      | 0 ||| PLANNING D:1-11
   137 | D:1      | 137 ||| Stepping ~*~*~tactically~*~*~ (stealth).
   138 | D:1      | 138 ||| Stepping ~*~*~tactically~*~*~ (stealth).
   139 | D:1      | 139 ||| Stepping ~*~*~tactically~*~*~ (stealth).
   154 | D:1      | 154 ||| Stepping ~*~*~tactically~*~*~ (stealth).
   159 | D:1      | 159 ||| Stepping ~*~*~tactically~*~*~ (stealth).
   170 | D:1      | 170 ||| Stepping ~*~*~tactically~*~*~ (stealth).
   171 | D:1      | 171 ||| Stepping ~*~*~tactically~*~*~ (stealth).
   172 | D:1      | 172 ||| Stepping ~*~*~tactically~*~*~ (stealth).
   267 | D:1      | Reached skill level 1 in Unarmed Combat
   549 | D:1      | Reached skill level 1 in Fighting
   549 | D:1      | Reached XP level 2. HP: 23/23 MP: 3/3
   599 | D:1      | 599 ||| Stepping ~*~*~tactically~*~*~ (stealth).
   601 | D:1      | 601 ||| Stepping ~*~*~tactically~*~*~ (stealth).
   606 | D:1      | Slain by a gnoll

Levels and vault maps discovered:
D:1:      dpeg_arrival_tiny_a, layout_loops_ring

Skill      XL: |  1 |
---------------+----+-----
Unarmed Combat | 1 |  1.2
Fighting       | 1 |  1.0
Dodging        | |  1.7
Stealth        | |  2.1
Spellcasting   | |  1.7
Conjurations   | |  0.7
Fire Magic     | |  2.4

Action                   || total
-------------------------++-------
Melee: Unarmed           ||    29
Armor: Robe              ||     3
Dodge: Dodged            ||    18

Table legend:
 A = Non-vault XP
 B = Vault XP
 C = Vault XP percentage of total XP
 D = Non-vault monster count
 E = Vault monster count
 F = Vault count percentage of total count
                 A         B        C        D         E       F
            +---------+---------+-------+---------+---------+-------
      Total |      11 |       0 |   0.0 |       8 |       0 |   0.0
            +---------+---------+-------+---------+---------+-------
        D:1 |      11 |       0 |   0.0 |       8 |       0 |   0.0
            +---------+---------+-------+---------+---------+-------
